 Dungeon Crawl Stone Soup version 0.23.2 (webtiles) character file.

Game seed: 1806470727846251208

216 Marnok the Covered (level 6, -2/47 HPs)
             Began as a Human Fighter on Apr 6, 2019.
             Slain by an ogre
             ... wielding a +0 giant spiked club
              (34 damage)
             ... on level 4 of the Dungeon.
             The game lasted 00:07:19 (2902 turns).

Marnok the Covered (Human Fighter)                  Turns: 2902, Time: 00:07:19

Health: -2/47      AC:  9    Str: 17    XL:     6   Next: 16%
Magic:  6/6        EV:  7    Int:  8    God:
Gold:   201        SH:  9    Dex: 14    Spells: 5/5 levels left

rFire    . . .     SeeInvis .   a - +1 long sword
rCold    + . .     Gourm    .   c - +0 shield
rNeg     . . .     Faith    .   b - +0 scale mail
rPois    .         Spirit   .   (no helmet)
rElec    .         Reflect  .   i - +1 cloak
rCorr    .         Harm     +   (no gloves)
MR       .....                  (no boots)
Stlth    ..........             g - amulet of harm
HPRegen  0.15/turn              h - ring of protection from cold
MPRegen  0.10/turn              (no ring)

@: no status effects
A: no striking features
a: no special abilities


You were on level 4 of the Dungeon.
You were not hungry.

You visited 1 branch of the dungeon, and saw 4 of its levels.

You collected 201 gold pieces.

Inventory:

Hand Weapons
 a - a +1 long sword (weapon)
 s - a +4 dagger
Missiles
 o - 8 needles of sleeping
Armour
 b - a +0 scale mail (worn)
 c - a +0 shield (worn)
 i - a +1 cloak (worn)
Jewellery
 g - an amulet of harm (around neck)
 h - a ring of protection from cold (left hand)
Scrolls
 j - 2 scrolls of teleportation
 k - a scroll of identify
 r - a scroll of enchant armour {unknown}
 t - a scroll of random uselessness {unknown}
Potions
 d - a potion of might
 e - a potion of haste {unknown}
 m - a potion of heal wounds
 n - a potion of agility
 p - a potion of mutation {unknown}
 q - a potion of flight {unknown}
Comestibles
 f - 5 rations
 l - 3 chunks of flesh


   Skills:
 + Level 3.5 Fighting
 + Level 3.3 Long Blades
 + Level 4.2 Armour
 + Level 1.2 Dodging
 + Level 1.1 Stealth
 + Level 3.8 Shields


You had 5 spell levels left.
You didn't know any spells.
Your spell library was empty.

Dungeon Overview and Level Annotations

Branches:
Dungeon (4/15)
 Temple: D:4-7

Altars:
Dithmenos


Message History

An orc comes into view. It is wielding a +0 flail.
The orc shouts!
You see here a hound corpse.
The orc hits you with a +0 club.
You closely miss the orc. You block the orc's attack.
An ogre comes into view. It is wielding a +0 giant spiked club.
The ogre shouts!
You slash the orc!
You kill the orc!
You block the orc's attack. You block the orc's attack.
Things that are here:
a +0 club; a +0 leather armour; an orc corpse You slash the orc!
You kill the orc!
Things that are here:
a +0 flail; an orc corpse The ogre hits you with a +0 giant spiked club!!
Ouch! That really hurt!
You die...

#. #.. ...
...# ...#
..# #..#
...# #..#
#...
#..###..#
#..#..#
#.@O# #)).#
##..##
#####†..##
#..).)...#
#...###...#
#.. #...#
#. ##..##
#. #...#


You could see an ogre.

Vanquished Creatures
  2 hounds (D:4)
  7 adders
  An adder skeleton (D:4)
  2 worms (D:3)
  2 dart slugs
  2 leopard geckos (D:1)
  5 orcs
  7 bats
  7 giant cockroaches
  9 goblins
  8 hobgoblins
  5 kobolds
  3 quokkas
  A ball python (D:3)
  9 frilled lizards
  5 rats
75 creatures vanquished.

Notes
Turn   | Place    | Note
-------+----------+-------------------------------------------
     0 | D:1      | Marnok the Human Fighter began the quest for the Orb.
     0 | D:1      | Reached XP level 1. HP: 18/18 MP: 1/1
    80 | D:1      | Reached XP level 2. HP: 19/24 MP: 2/2
   447 | D:1      | You fall through a shaft!
   543 | D:2      | Reached XP level 3. HP: 23/29 MP: 3/3
  1382 | D:2      | Reached XP level 4. HP: 32/35 MP: 4/4
  1974 | D:3      | Reached XP level 5. HP: 40/41 MP: 5/5
  1975 | D:3      | Reached skill level 4 in Armour
  2014 | D:3      | Reached skill level 1 in Stealth
  2743 | D:4      | Found a shadowy altar of Dithmenos.
  2750 | D:4      | Reached skill level 1 in Dodging
  2893 | D:4      | Reached XP level 6. HP: 33/47 MP: 6/6
  2897 | D:4      | Noticed an ogre
  2902 | D:4      | Slain by an ogre

Skill      XL: |  1  2  3  4  5 |
---------------+----------------+-----
Armour         | 4 |  4.2
Stealth        | 1 |  1.1
Long Blades    | 3 |  3.3
Dodging        | 1 |  1.2
Fighting       | |  3.5
Shields        | |  3.8

Action                   |  1- 3 |  4- 6 || total
-------------------------+-------+-------++-------
Melee: Long sword        |   130 |   132 ||   262
  Use: Scroll            |       |     5 ||     5
  Eat: Chunk             |     2 |     5 ||     7
Armor: Scale mail        |   108 |    63 ||   171
Dodge: Dodged            |    52 |    51 ||   103
Block: Shield            |    88 |    76 ||   164
       Rpst.: Long sword |    16 |    18 ||    34
